 Dungeon Sprint DCSS version 0.30.1-11-g7821555f0a (webtiles) character file.

Game seed: 957721548707340340

3500000 jagang the Conqueror (level 20, -22/197 HPs)
             Began as a Demonspawn Berserker on Nov 21, 2023.
             Was the Champion of Trog.
             Killed by an exploding large bag of meat (36 damage)
             ... ignited by their inner flame
             ... in the Dungeon (Sprint VIII: "Arena of Blood").
             The game lasted 00:02:57 (35 turns).

jagang the Conqueror (Demonspawn Berserker)           Turns: 35, Time: 00:02:57

Health: -22/197    AC: 16    Str: 26    XL:     20   Next: 23%
Magic:  18/37      EV: 25    Int:  9    God:    Trog [******]
Gold:   0          SH:  0    Dex: 13    Spells: 19/19 levels left

rFire   . . .        i - +∞ Axe of Woe
rCold   . . .        (shield currently unavailable)
rNeg    . . .        b - +0 animal skin
rPois   .            (no helmet)
rElec   .            (no cloak)
rCorr   .            (gloves unavailable)
SInv    .            (no boots)
Will    +....        (no amulet)
Stlth   +++++++++    j - +30 ring of slaying
HPRegen 11.52/turn   (no ring)
MPRegen 0.25/turn

%: no teleportation
@: sanguine armoured
A: claws 3, demonic guardian 3, powered by death 3, sanguine armour 3
a: Renounce Religion, Berserk, Trog's Hand, Brothers in Arms


You were in the Dungeon.
You worshipped Trog.
Trog was exalted by your worship.
You visited 1 branch

Inventory:

Hand Weapons
 a - a +0 hand axe
 i - the +∞ Axe of Woe (weapon)
   (You found it in the Dungeon)
Armour
 b - a +0 animal skin (worn)
Jewellery
 j - a +30 ring of slaying (left claw)
Potions
 c - a potion of curing
 d - a potion of heal wounds
 e - a potion of haste
 f - 2 potions of magic
 g - a potion of berserk rage


   Skills:
 O Level 27 Fighting
 O Level 27 Axes
 + Level 24.5 Throwing
 O Level 27 Armour
 O Level 27 Dodging
 O Level 27 Stealth
 O Level 27 Invocations
 + Level 26.4 Evocations


You had 19 spell levels left.
You didn't know any spells.
Your spell library was empty.

Dungeon Overview and Level Annotations

Branches:
Dungeon (1/1)

Altars:
Makhleb

Annotations:
D The Servant


Innate Abilities, Weirdness & Mutations

You have claws for hands.
A powerful demonic guardian rushes to your aid.
You regenerate a lot of health from kills.
When seriously injured, your blood forms very thick armour. (AC +12)


Message History

Your Evocations skill gained 4 levels and is now at level 24!
You have reached level 20!
You feel agile.
Your demonic ancestry asserts itself...
You feel your blood thicken.
The large bag of meat shouts in stereo!
You dice the meat berserker like an onion!!!
You dissect the meat berserker like a pig carcass.
You kill the meat berserker!
Trog accepts your kill.
You are engulfed in blazing flames.
* * * LOW HITPOINT WARNING * * *
You hear a shout! x3
A bag of meat comes into view. It is wielding a +9 war axe.
The meat berserker rages.
The meat berserker is engulfed in blazing flames.
A bag of meat comes into view. It is wielding a +9 war axe.
You hear a shout!
The meat berserker is engulfed in blazing flames.
A meat berserker comes into view. It is wielding a +9 battleaxe.
Your Throwing skill gained 2 levels and is now at level 24!
Your Evocations skill gained 2 levels and is now at level 26!
You slash the bag of meat! You chop the bag of meat into pieces.
You kill the bag of meat!
Trog accepts your kill.
You slice the bag of meat!!
You fatally mangle the bag of meat.
You kill the bag of meat!
Trog accepts your kill.
You slice the large bag of meat!!
Flame seeps out of the large bag of meat.
You chop the large bag of meat into pieces.
Trog accepts your kill.
You slice the bag of meat!!
You fatally mangle the bag of meat.
You kill the bag of meat!
Trog accepts your kill. Trog grants you a weapon!
Something appears at your feet!
You see here a +0 battleaxe.
The large bag of meat explodes!
The fiery explosion engulfs the bag of meat!!!
The fiery explosion engulfs you!!!
You die...

### ... ... .
#o## ##.. . .@.
V.o..
....##°##o.....
.....o○@)ooo....
......#§#oo...o.
........oo.o.o.##
........O.o.O....
........O....oo..
........O........
.O.....O.O...o.o.
#...§§§☼#...O .
#...☼§§§# ....


You could see The Servant, a destroyer, a large bag of meat (inner flame), 7
meat berserkers and 19 bags of meat.

Vanquished Creatures
  3 vampire knights (D)
  13 ogres (D)
  4 two-headed ogres (D)
  15 orcs (D)
35 creatures vanquished.

Notes
Turn   | Place    | Note
-------+----------+-------------------------------------------
     0 | D        | Found the +∞ Axe of Woe
     0 | D        | jagang the Demonspawn Berserker began the quest for the
                  | Orb.
     0 | D        | Reached XP level 1. HP: 18/18 MP: 1/1
     3 | D        | Noticed a bag of meat
     6 | D        | Noticed a meat berserker
     7 | D        | Noticed a bag of meat
     7 | D        | Killed a bag of meat
     8 | D        | Reached skill level 15 in Axes
     8 | D        | Gained mutation: A weak demonic guardian rushes to your
                  | aid. [demonic ancestry]
     8 | D        | Reached XP level 2. HP: 46/46 MP: 2/2
     8 | D        | Reached XP level 3. HP: 52/52 MP: 3/3
     8 | D        | Reached XP level 4. HP: 59/59 MP: 4/4
     8 | D        | Gained mutation: You have sharp fingernails. [demonic
                  | ancestry]
     8 | D        | Reached XP level 5. HP: 65/65 MP: 5/5
     8 | D        | Reached XP level 6. HP: 73/73 MP: 6/6
     8 | D        | Reached XP level 7. HP: 79/79 MP: 7/7
     8 | D        | Gained mutation: You regenerate a little health from kills.
                  | [demonic ancestry]
     8 | D        | Reached XP level 8. HP: 86/86 MP: 8/8
     8 | D        | Reached XP level 9. HP: 92/92 MP: 9/9
     8 | D        | Gained mutation: When seriously injured, your blood forms
                  | armour. (AC +12) [demonic ancestry]
     8 | D        | Reached XP level 10. HP: 99/99 MP: 10/10
     8 | D        | Noticed a bag of meat
     9 | D        | Noticed a meat berserker
    10 | D        | Killed a bag of meat
    10 | D        | Reached ** piety under Trog
    10 | D        | Noticed a meat berserker
    11 | D        | Gained mutation: You have very sharp fingernails. [demonic
                  | ancestry]
    11 | D        | Reached XP level 11. HP: 110/110 MP: 11/11
    11 | D        | Killed a meat berserker
    11 | D        | Noticed a meat berserker
    12 | D        | Gained mutation: You regenerate health from kills. [demonic
                  | ancestry]
    12 | D        | Reached XP level 12. HP: 124/124 MP: 12/12
    12 | D        | Gained mutation: When seriously injured, your blood forms
                  | thick armour. (AC +12) [demonic ancestry]
    12 | D        | Reached XP level 13. HP: 130/130 MP: 13/13
    12 | D        | Noticed a bag of meat
    12 | D        | Killed a bag of meat
    14 | D        | Killed a meat berserker
    14 | D        | Noticed a meat berserker
    14 | D        | Noticed a bag of meat
    14 | D        | Noticed a bag of meat
    14 | D        | Noticed a bag of meat
    15 | D        | Gained mutation: You regenerate a lot of health from kills.
                  | [demonic ancestry]
    15 | D        | Reached XP level 14. HP: 145/145 MP: 14/14
    15 | D        | Killed a meat berserker
    15 | D        | Reached *** piety under Trog
    15 | D        | Noticed a meat berserker
    15 | D        | Noticed a meat berserker
    15 | D        | Noticed a bag of meat
    16 | D        | Noticed a large bag of meat
    16 | D        | Noticed a meat berserker
    17 | D        | Killed a meat berserker
    17 | D        | Killed a bag of meat
    17 | D        | Killed a bag of meat
    17 | D        | Reached **** piety under Trog
    17 | D        | Noticed a bag of meat
    18 | D        | Reached skill level 27 in Fighting
    18 | D        | Reached skill level 27 in Axes
    18 | D        | Reached skill level 15 in Armour
    18 | D        | Reached skill level 15 in Dodging
    18 | D        | Gained mutation: You have claws for hands. [demonic
                  | ancestry]
    18 | D        | Reached XP level 15. HP: 159/159 MP: 15/15
    18 | D        | Killed a meat berserker
    20 | D        | Killed a meat berserker
    20 | D        | Noticed a large bag of meat
    21 | D        | Gained mutation: A demonic guardian rushes to your aid.
                  | [demonic ancestry]
    21 | D        | Reached XP level 16. HP: 167/167 MP: 16/16
    21 | D        | Noticed a meat berserker
    21 | D        | Noticed a meat berserker
    21 | D        | Noticed a large bag of meat
    21 | D        | Noticed a meat berserker
    22 | D        | Killed a meat berserker
    22 | D        | Reached ***** piety under Trog
    22 | D        | Noticed a destroyer
    23 | D        | Noticed a meat berserker
    24 | D        | Killed a meat berserker
    24 | D        | Noticed a meat berserker
    25 | D        | Gained mutation: A powerful demonic guardian rushes to your
                  | aid. [demonic ancestry]
    25 | D        | Reached XP level 17. HP: 174/174 MP: 17/17
    25 | D        | Killed a destroyer
    25 | D        | Received a gift from Trog
    25 | D        | Killed a large bag of meat
    25 | D        | Noticed a meat berserker
    26 | D        | Reached skill level 27 in Armour
    26 | D        | Reached skill level 27 in Dodging
    26 | D        | Noticed a meat berserker
    26 | D        | Noticed a meat berserker
    26 | D        | Noticed a destroyer
    27 | D        | Killed a meat berserker
    27 | D        | Noticed a large bag of meat
    27 | D        | Noticed a meat berserker
    28 | D        | Reached XP level 18. HP: 154/182 MP: 17/30
    28 | D        | Noticed a large bag of meat
    28 | D        | Noticed a meat berserker
    29 | D        | Noticed a meat berserker
    29 | D        | Killed a destroyer
    29 | D        | Received a gift from Trog
    29 | D        | Killed a large bag of meat
    29 | D        | Noticed a destroyer
    29 | D        | Noticed a meat berserker
    29 | D        | Noticed a meat berserker
    29 | D        | Noticed a meat berserker
    30 | D        | Noticed a large bag of meat
    30 | D        | Noticed The Servant
    31 | D        | Noticed a destroyer
    31 | D        | Killed a destroyer
    31 | D        | Killed a meat berserker
    31 | D        | Killed a large bag of meat
    31 | D        | Reached ****** piety under Trog
    32 | D        | Reached XP level 19. HP: 19/189 MP: 18/35
    32 | D        | HP: 4/189 [something (15)]
    33 | D        | Reached skill level 27 in Stealth
    33 | D        | Killed a meat berserker
    33 | D        | Received a gift from Trog
    33 | D        | Killed a meat berserker
    33 | D        | Noticed a large bag of meat
    34 | D        | Reached skill level 27 in Invocations
    34 | D        | Gained mutation: When seriously injured, your blood forms
                  | very thick armour. (AC +12) [demonic ancestry]
    34 | D        | Reached XP level 20. HP: 13/197 MP: 18/37
    34 | D        | Killed a meat berserker
    34 | D        | Noticed a meat berserker
    35 | D        | Killed a large bag of meat
    35 | D        | Received a gift from Trog
    35 | D        | Killed by an exploding large bag of meat... ignited by
                  | their inner flame

Illustrated notes

Levels and vault maps discovered:
D:        meatsprint

Skill      XL: |  1  2  3  4  5  6  7  8  9 10 11 12 13 14 15 16 17 18 19 20 |
---------------+-------------------------------------------------------------+-----
Fighting       | 16 18 21 24 27 | 27.0
Axes           | 15 17 20 22 27 | 27.0
Armour         | 8 9 11 12 15 20 26 27 | 27.0
Dodging        | 8 9 11 12 15 20 25 27 | 27.0
Throwing       | 11 18 22 24 | 24.5
Stealth        | 17 26 27 | 27.0
Invocations    | 16 24 27 | 27.0
Evocations     | 12 19 24 26 | 26.4

Action                     |  1- 3 |  4- 6 |  7- 9 | 10-12 | 13-15 | 16-18 | 19-21 || total
---------------------------+-------+-------+-------+-------+-------+-------+-------++-------
  Melee: Executioner's axe |     1 |       |       |     2 |     6 |     7 |     4 ||    20
    Use: Scroll            |       |       |       |       |       |     1 |       ||     1
  Dodge: Dodged            |       |       |       |       |       |     1 |       ||     1
